 Dungeon Crawl Stone Soup version 0.30-a0-1082-g70414cbcbb (webtiles) character file.

Game seed: 15077217876556804631

53 Arzdou the Gusty (level 3, 0/26 HPs)
             Began as a Draconian Air Elementalist on Apr 15, 2023.
             Slain by a quokka (2 damage)
             ... on level 2 of the Dungeon.
             The game lasted 00:03:29 (981 turns).

Arzdou the Gusty (Draconian Air Elementalist)        Turns: 981, Time: 00:03:30

Health: 0/26       AC:  5    Str: 10    XL:     3   Next: 62%
Magic:  1/6        EV: 12    Int: 17    God:
Gold:   56         SH:  0    Dex: 17    Spells: 0/6 levels left

rFire   . . .      SeeInvis .    c - +0 spear
rCold   . . .      Faith    .    (no shield)
rNeg    . . .      Spirit   .    (body armour unavailable)
rPois   .          Reflect  .    (helmet restricted)
rElec   .          Rampage  .    (no cloak)
rCorr   .                        (no gloves)
Will    .....                    (no boots)
Stlth   +                        (no amulet)
HPRegen 0.24/turn                b - +6 ring of dexterity
MPRegen 0.10/turn                (no ring)

@: confused
A: AC +5, unfitting armour, cold-blooded
a: no special abilities


You were on level 2 of the Dungeon.
You visited 1 branch of the dungeon, and saw 2 of its levels.

You collected 56 gold pieces.

Inventory:

Hand Weapons
 c - a +0 spear (weapon)
Jewellery
 b - a +6 ring of dexterity (left hand)
Scrolls
 d - 4 scrolls of magic mapping {unknown}
 e - a scroll of fear {unknown}
Potions
 a - a potion of magic
 f - a potion of degeneration {unknown}


   Skills:
 + Level 0.2 Fighting
 + Level 1.2 Polearms
 + Level 2.1 Dodging
 + Level 2.0 Stealth
 + Level 2.2 Spellcasting
 + Level 1.5 Conjurations
 + Level 3.6 Air Magic


You couldn't memorise any spells.
You knew the following spells:

 Your Spells              Type           Power      Damage    Failure   Level
a - Shock                 Conj/Air       40%        1d5       7%          1
b - Static Discharge      Conj/Air       20%        2-3/arc   10%         2
c - Swiftness             Air            14%        N/A       13%         3

Your spell library contained the following spells:

 Spells                   Type           Power      Damage    Failure   Level
 Airstrike                Air            7%         2d(1-17)  38%         4


Dungeon Overview and Level Annotations

Branches:
Dungeon (2/15)

Altars:


Innate Abilities, Weirdness & Mutations

Your plain brown scales are hard. (AC +5)
You cannot fit into any form of body armour.
You are cold-blooded and may be slowed by cold attacks.


Message History

The quokka is moderately wounded.
The quokka misses you. The quokka bites you.
Something hits you but does no damage.
The quokka bites you but does no damage.
You hit the quokka but do no damage.
Your tail-slap misses the quokka.
The quokka is moderately wounded.
Something hits you.
The quokka bites you but does no damage.
An orc wizard appears from thin air!
Reactivating autopickup.
The quokka misses you.
The orc wizard attacks as you move away!
The orc wizard hits you but does no damage.
The quokka bites you but does no damage.
The orc wizard gestures at you while chanting.
You are confused.
You're too confused to cast spells.
The quokka attacks as you move away! The quokka bites you.
* * * LOW HITPOINT WARNING * * *
The quokka barely misses you.
You hit the quokka but do no damage.
The quokka is moderately wounded.
The quokka bites you.
* * * LOW HITPOINT WARNING * * *
You feel less confused. The quokka barely misses you. x2
Casting: Static Discharge (safe; 10% risk of failure)
Confirm with . or Enter, or press ? or * to list all spells.
The quokka is struck by an arc of lightning.
The quokka is heavily wounded.
You are struck by an arc of lightning.
* * * LOW HITPOINT WARNING * * *
The lightning grounds out.
The orc wizard points at you and mumbles some strange words.
You are confused.
The quokka closely misses you. The orc wizard closely misses you.
The orc hits you with a +0 whip.
* * * LOW HITPOINT WARNING * * *
The quokka bites you.
You die...

#........PPPPP..## #.#
##.....÷PP...PP.# . #.#
#.......P..8.PP.# ..#.#
#.##....PP...P..#. #.#.#
#.##..#..P.PPP...... ..#.#
#.##..#....PP..#.... .##.#
#$##..#.#.....## #.# ###.#
#.##.o#.##..#..# # ##..#
#.##.o@....###.# ...##
#....r......#..# ##)#
#..########[..##.# #.#####
#..# ###.# .# #.....####..#
#.# .#
####.....##..##########.##.#
..##..o..##..............#.#
.............##########.>#.#
###......##...# ######..#.#


You could see an orc wizard, an orc and a quokka.

Vanquished Creatures
  An adder (D:2)
  A dart slug (D:1)
  2 orcs (D:2)
  3 bats (D:1)
  3 endoplasms (D:1)
  3 giant cockroaches
  A goblin (D:1)
  A hobgoblin (D:1)
  6 jackals (D:1)
  4 quokkas
  2 ball pythons
  2 frilled lizards (D:1)
  4 kobolds
  3 rats
36 creatures vanquished.

Notes
Turn   | Place    | Note
-------+----------+-------------------------------------------
     0 | D:1      | Arzdou the Draconian Air Elementalist began the quest for
                  | the Orb.
     0 | D:1      | Reached XP level 1. HP: 14/14 MP: 3/3
   204 | D:1      | Reached XP level 2. HP: 20/20 MP: 0/5
   429 | D:1      | Reached XP level 3. HP: 18/26 MP: 1/6
   500 | D:1      | Learned a level 2 spell: Static Discharge
   504 | D:1      | Learned a level 3 spell: Swiftness
   582 | D:1      | Reached skill level 1 in Polearms
   981 | D:2      | Slain by a quokka

Illustrated notes

Levels and vault maps discovered:
D:1:      enne_arrival_octagon_isle, layout_basic
D:2:      cheibrodos_pilgrimage, layout_loops_ring, dreamdust_mushroom_princess

Skill      XL: |  1  2  3 |
---------------+----------+-----
Dodging        | 2 |  2.1
Polearms       | 1 |  1.2
Stealth        | 2 |  2.0
Fighting       | |  0.2
Spellcasting   | |  2.2
Conjurations   | |  1.5
Air Magic      | |  3.6

Action                     || total
---------------------------++-------
  Melee: Spear             ||    77
         Tailslap          ||    12
         Punch             ||     1
   Cast: Shock             ||    34
         Static Discharge  ||     4
   Stab: Sleeping          ||     1
 Armour: Skin              ||    44
  Dodge: Dodged            ||    63

Table legend: (Time is in decaauts)
 A = Elapsed time spent in this place.
 B = Non-inter-level travel time spent in this place.
 C = Inter-level travel time spent in this place.
 D = Time resting spent in this place.
 E = Time spent auto-exploring this place.
 F = Levels seen in this place.
 G = Mean time per level.
                   A        B        C        D        E       F      G
               +--------+--------+--------+--------+--------+-----+--------+
         Total |    985 |    982 |      3 |     20 |    707 |   2 |  492.5 |
       Dungeon |    985 |    982 |      3 |     20 |    707 |   2 |  492.5 |
               +--------+--------+--------+--------+--------+-----+--------+

Top non-repeatable levels by time:
     D:1: 722 daAuts
     D:2: 262 daAuts
